Map: Fields of Death

Players

Musumeci - Winner!

  • Race: Zerg Zerg
  • League: Diamond
  • Spawn Location: 12:00

MichyMoko - Winner!

  • Race: Zerg Zerg
  • Spawn Location: 12:00

KojoBojo

  • Race: Protoss Protoss
  • Spawn Location: 6:00

Gee

  • Race: Terran Terran
  • League: Platinum
  • Spawn Location: 7:00

VOD

Have the link to the VOD?

Description

Time

  • Played on: March 20, 2017, 8:47 a.m.
  • Length: 23:39
Show
View Real Time Build Order
Export as new Build Order

Musumeci Zerg - Winner!

Build Orders: Hatch First 

Get SALT Encoding   

  12  0:02  Drone  
  13  0:10  Drone  
  14  0:19  Drone, Extractor  
  15  0:42  Hatchery  
  14  0:47  Drone, Extractor  
  15  1:02  Spawning Pool  
  14  1:20  Extractor  
  14  1:21  Drone  
  14  1:22  Drone, Extractor  
  14  1:24  Overlord  
  16  1:43  Drone x2  
  18  1:53  Drone  
  18  1:54  Queen  
  19  1:56  Queen  
  19  2:01  Drone  
  24  2:06  Drone x2  
  26  2:16  Drone  
  26  2:17  Drone  
  28  2:29  Overlord  
  27  2:35  Overlord  
  27  2:47  Queen x2  
  31  3:08  Extractor  
  31  3:09  Drone  
  31  3:10  Drone x7, Extractor  
  31  3:11  Roach Warren  
  36  3:14  Overlord  
  36  3:35  Drone  
  36  3:40  Drone x4  
  41  3:43  Overlord  
  41  3:54  Roach  
  43  3:58  Overlord  
  43  3:59  Overlord  
  43  4:05  Roach x4  
  51  4:12  Overlord  
  55  4:17  Roach x2  
  55  4:20  Drone, Extractor  
  55  4:21  Drone  
  56  4:27  Extractor  
  56  4:28  Drone  
  56  4:32  Drone  
  57  5:03  Overlord x2  
  57  5:06  Drone  
  61  5:07  Drone x5  
  61  5:08  Drone x2  
  65  5:18  Roach  
  67  5:40  Hatchery  
  67  5:41  Lair  
  67  5:42  Evolution Chamber  
  65  5:43  Drone, Evolution Chamber  
  65  5:45  Drone x3  
  65  5:49  Drone x6  
  74  6:01  Ravager x8  
  82  6:11  Roach x2  
  82  6:12  Roach x3  
  82  6:17  Spore Crawler x2  
  90  6:23  Spore Crawler  
  90  6:24  Spore Crawler  
  86  6:25  Spore Crawler  
  86  6:26  Spore Crawler  
  86  6:27  Overlord x3  
  68  6:47  Spore Crawler  
  68  6:53  Spore Crawler  
  66  7:02  Roach  
  66  7:03  Roach x3  
  74  7:23  Overlord x2  
  74  7:24  Overlord x2  
  74  7:32  Zerg Ground Armor Level 1, Zerg Missile Weapons Level 1  
  74  7:38  Glial Reconstitution  
  74  7:54  Overlord  
  74  7:55  Overlord x2  
  74  8:11  Roach  
  74  8:12  Roach x5  
  86  8:18  Roach x7  
  100  8:23  Drone x2  
  100  8:24  Drone  
  100  8:25  Drone x2  
  105  8:33  Drone  
  106  8:47  Drone  
  106  8:48  Drone x4  
  111  8:51  Overlord x3  
  111  8:57  Extractor x2  
  111  9:01  Spore Crawler  
  108  9:03  Spore Crawler  
  108  9:05  Spore Crawler  
  106  9:13  Ravager x6  
  106  9:14  Drone x2  
  106  9:15  Drone x4  
  118  9:43  Drone x3  
  118  9:44  Drone x2  
  118  9:45  Drone x2  
  125  9:53  Drone  
  125  9:54  Drone x2  
  128  10:01  Hatchery  
  128  10:04  Extractor  
  128  10:06  Ravager x11  
  137  10:07  Roach x3, Extractor  
  137  10:08  Roach  
  137  10:10  Overlord  
  137  10:14  Overlord  
  144  10:37  Zerg Missile Weapons Level 2  
  144  10:38  Zerg Ground Armor Level 2  
  142  10:44  Burrow  
  142  10:47  Tunneling Claws  
  113  11:39  Roach  
  125  11:40  Roach x9  
  119  11:52  Roach x3  
  119  11:53  Roach x19  
  123  12:11  Drone  
  123  12:12  Drone x6  
  110  12:32  Roach  
  110  12:33  Roach x9  
  131  12:58  Ravager x2  
  131  12:59  Ravager x8  
  140  13:13  Roach  
  140  13:14  Roach x13  
  140  13:16  Roach x4  
  140  13:17  Roach x2  
  140  13:18  Roach x2  
  168  13:39  Roach  
  168  13:40  Roach x4  
  162  14:09  Roach  
  166  14:10  Roach x5  
  166  14:11  Overlord x2  
  166  14:12  Overlord x3  
  168  14:18  Infestation Pit  
  168  14:24  Ravager  
  164  14:34  Roach  
  164  14:36  Roach x2  
  164  14:41  Roach x2  
  164  14:42  Roach x2  
  164  14:48  Roach x15  
  164  14:49  Roach x3  
  192  15:00  Roach x4  
  192  15:07  Roach x4  
  184  15:37  Ravager x4  
  184  15:38  Ravager x12  
  200  15:56  Roach x14  
  180  16:24  Hatchery, Extractor  
  180  16:25  Roach x19  
  191  16:26  Roach x4  
  191  16:27  Extractor  
  198  16:35  Roach  
  198  16:36  Roach x2  
  198  16:37  Roach x3  
  198  16:38  Roach x4  
  198  16:56  Hive  
  198  17:01  Hatchery  
  179  17:56  Spire  
  170  18:19  Ravager x2  
  169  18:20  Ravager x10  
  169  18:23  Roach x7  
  170  18:53  Roach  
  170  18:54  Roach x6  
  184  19:12  Zerg Missile Weapons Level 3, Zerg Ground Armor Level 3  
  184  19:22  Roach  
  184  19:25  Zergling x2  
  185  19:34  Extractor  
  185  19:37  Extractor  
  168  20:37  Spore Crawler  
  168  20:39  Spine Crawler  
  168  20:41  Spine Crawler  
  167  20:42  Roach  
  167  20:43  Roach x2  
  167  20:48  Spine Crawler  
  171  20:50  Spine Crawler  
  171  20:51  Spine Crawler  
  170  21:07  Hatchery  
  169  21:56  Ravager x15  
  169  22:00  Zergling x2  
  132  22:48  Roach  
  132  22:49  Roach x15  
Show
View Real Time Build Order
Export as new Build Order

MichyMoko Zerg - Winner!

Build Orders: Hatch First, Lurkers 

Get SALT Encoding   

  12  0:01  Drone  
  13  0:12  Overlord  
  13  0:18  Drone  
  14  0:30  Drone  
  14  0:31  Drone  
  14  0:34  Drone  
  17  0:58  Drone  
  17  1:02  Hatchery  
  17  1:13  Spawning Pool  
  17  1:14  Drone  
  17  1:18  Extractor  
  16  1:20  Drone  
  16  1:24  Drone  
  18  1:28  Drone  
  19  1:48  Overlord  
  19  1:55  Drone  
  20  2:16  Queen, Zergling x2  
  20  2:18  Queen  
  20  2:20  Zergling x4  
  27  2:24  Metabolic Boost  
  27  2:30  Drone x2  
  29  2:38  Drone x2  
  31  3:02  Queen  
  31  3:03  Overlord  
  31  3:04  Drone, Zergling x4  
  36  3:12  Overlord, Roach Warren  
  35  3:14  Drone  
  36  3:36  Drone  
  36  3:37  Drone x3  
  40  3:48  Lair  
  40  3:51  Overlord  
  40  3:53  Roach x3  
  40  3:54  Roach  
  40  3:55  Drone  
  49  3:59  Extractor  
  48  4:10  Drone  
  48  4:11  Drone x2  
  48  4:13  Roach x2  
  55  4:22  Ravager  
  56  4:35  Extractor  
  56  4:36  Drone x5  
  56  4:37  Extractor  
  59  4:40  Overlord x2  
  59  4:41  Overlord x2  
  59  4:49  Glial Reconstitution  
  60  4:52  Drone  
  60  4:59  Overlord x2  
  60  5:03  Drone  
  60  5:04  Drone  
  62  5:13  Overlord  
  62  5:25  Roach x7  
  76  6:01  Hatchery, Roach  
  76  6:02  Roach x7  
  91  6:05  Ravager  
  91  6:06  Ravager x3  
  95  6:22  Spore Crawler  
  94  6:27  Spore Crawler  
  94  6:31  Spore Crawler  
  92  6:33  Spore Crawler  
  92  6:34  Hydralisk Den  
  92  6:38  Roach x4  
  95  7:03  Roach  
  96  7:13  Drone  
  96  7:14  Drone x10  
  107  7:21  Overlord  
  107  7:29  Overlord  
  107  7:40  Hatchery  
  106  7:50  Overseer  
  106  8:16  Drone x3  
  109  8:39  Hydralisk x7  
  109  8:40  Spore Crawler  
  122  8:44  Overlord x3  
  122  8:45  Overlord x2  
  122  8:46  Spore Crawler  
  121  9:02  Lurker Den  
  121  9:08  Drone x3  
  121  9:09  Drone x4  
  128  9:11  Extractor  
  128  9:14  Extractor  
  128  9:16  Drone  
  128  9:17  Drone x5  
  129  9:19  Overlord x2  
  132  9:33  Hydralisk x4  
  132  9:34  Drone  
  141  9:40  Evolution Chamber  
  141  9:44  Evolution Chamber  
  139  10:32  Hydralisk x5  
  139  10:33  Hydralisk x4  
  157  10:38  Ravager x5  
  162  10:43  Hydralisk x2  
  166  11:00  Hydralisk x8  
  166  11:01  Hydralisk  
  184  11:04  Overlord x5  
  184  11:05  Overlord  
  184  11:25  Hydralisk x4  
  184  11:26  Hydralisk x3  
  198  11:35  Zerg Missile Weapons Level 1  
  198  11:37  Zerg Ground Armor Level 1  
  143  12:01  Hydralisk  
  143  12:02  Hydralisk x10  
  143  12:03  Hydralisk  
  89  12:25  Hydralisk  
  89  12:26  Hydralisk x6  
  99  12:33  Roach x3  
  99  12:35  Hydralisk  
  103  13:19  Muscular Augments  
  103  13:26  Hatchery  
  102  13:31  Queen  
  102  13:34  Zerg Missile Weapons Level 2  
  104  13:35  Zerg Ground Armor Level 2  
  104  13:36  Hydralisk x9  
  104  13:41  Extractor  
  121  13:42  Extractor  
  121  13:44  Hydralisk x2  
  124  13:49  Lurker x3  
  124  13:53  Lurker  
  128  13:56  Overseer  
  128  14:00  Overseer  
  128  14:02  Hydralisk x2  
  132  14:52  Hydralisk  
  132  14:53  Hydralisk x13  
  160  15:26  Lurker x4, Hydralisk  
  160  15:27  Hydralisk x7  
  163  16:32  Lurker x3  
  166  16:44  Infestation Pit  
  165  17:37  Hive  
  165  17:42  Hatchery  
  158  18:03  Extractor  
  158  18:04  Extractor  
  142  18:20  Hydralisk x11  
  142  18:21  Hydralisk x17  
  142  18:22  Hydralisk  
  200  19:12  Zerg Missile Weapons Level 3  
  200  19:13  Zerg Ground Armor Level 3  
  200  19:44  Queen  
  198  20:17  Hydralisk  
  196  20:37  Lurker  
  196  20:39  Lurker  
  134  21:27  Hydralisk Den  
  99  22:03  Hydralisk x3  
  105  22:17  Hydralisk  
  105  22:18  Hydralisk x16  
  105  22:19  Hydralisk x17  
  173  23:04  Hydralisk  
  173  23:05  Hydralisk x12  
Show
View Real Time Build Order
Export as new Build Order

KojoBojo Protoss 

Build Orders:  

Get SALT Encoding   

  12  0:01  Probe (Chrono Boost)  
  13  0:14  Probe (Chrono Boost)  
  14  0:24  Pylon  
  14  0:25  Probe (Chrono Boost)  
  16  0:43  Probe (Chrono Boost)  
  16  0:45  Gateway  
  16  0:53  Probe (Chrono Boost)  
  17  1:06  Pylon  
  17  1:13  Assimilator  
  17  1:16  Assimilator  
  17  1:25  Gateway  
  17  1:33  Cybernetics Core  
  17  1:35  Probe (Chrono Boost)  
  18  1:49  Probe (Chrono Boost)  
  19  1:57  Warp Gate  
  19  2:00  Probe (Chrono Boost)  
  20  2:04  Gateway  
  20  2:05  Pylon  
  20  2:13  Stalker  
  22  2:25  Sentry  
  22  2:28  Probe (Chrono Boost)  
  25  2:40  Probe (Chrono Boost)  
  26  2:51  Nexus  
  26  3:00  Stalker  
  28  3:12  Stalker  
  28  3:16  Probe (Chrono Boost)  
  32  3:28  Probe (Chrono Boost)  
  32  3:31  Stargate  
  32  3:43  Probe (Chrono Boost)  
  34  3:55  Probe (Chrono Boost)  
  34  4:07  Probe (Chrono Boost)  
  34  4:09  Pylon  
  35  4:12  Probe (Chrono Boost)  
  35  4:15  Phoenix  
  38  4:19  Probe (Chrono Boost)  
  38  4:23  Probe (Chrono Boost)  
  40  4:24  Stargate  
  41  4:32  Probe (Chrono Boost)  
  41  4:33  Assimilator, Probe (Chrono Boost)  
  42  4:39  Pylon  
  42  4:40  Phoenix  
  42  4:42  Phoenix  
  42  4:44  Probe x2 (Chrono Boost)  
  46  4:54  Probe (Chrono Boost)  
  46  4:56  Pylon, Probe (Chrono Boost)  
  48  5:13  Phoenix x2  
  52  5:23  Probe (Chrono Boost)  
  52  5:24  Probe (Chrono Boost)  
  52  5:26  Assimilator  
  54  5:33  Probe (Chrono Boost)  
  56  5:36  Probe (Chrono Boost)  
  56  5:39  Phoenix  
  56  5:40  Phoenix  
  60  5:45  Pylon  
  60  5:46  Pylon  
  60  6:04  Phoenix, Stargate  
  60  6:05  Phoenix  
  64  6:32  Void Ray  
  68  6:56  Void Ray  
  68  7:00  Void Ray  
  76  7:03  Probe x2 (Chrono Boost)  
  78  7:09  Void Ray  
  82  7:22  Gateway  
  82  7:25  Gateway x2  
  82  7:27  Gateway  
  82  7:28  Gateway  
  82  7:49  Void Ray x2  
  88  8:19  Void Ray  
  92  8:29  Pylon  
  92  8:30  Pylon  
  92  8:31  Pylon x2  
  92  8:33  Pylon x2  
  92  8:36  Nexus  
  92  8:42  Pylon  
  92  8:43  Pylon  
  92  8:45  Void Ray x2  
  92  8:47  Assimilator  
  92  8:51  Assimilator  
  92  8:54  Pylon  
  100  8:57  Protoss Air Weapons Level 1  
  100  9:02  Twilight Council  
  100  9:09  Forge  
  100  9:30  Void Ray  
  100  9:31  Void Ray  
  108  9:39  Zealot x3  
  108  9:40  Zealot x4  
  122  9:50  Charge  
  122  9:56  Probe (Chrono Boost)  
  122  9:59  Void Ray  
  123  10:06  Probe (Chrono Boost)  
  128  10:08  Protoss Ground Weapons Level 1  
  128  10:29  Void Ray  
  128  10:34  Void Ray  
  136  10:43  Photon Cannon x2  
  136  10:45  Pylon x2  
  122  11:32  Zealot x4  
  128  11:33  Zealot x4  
  76  12:15  Zealot x3  
  58  12:16  Zealot x5  
  58  12:50  Protoss Ground Weapons Level 2  
  52  13:00  Nexus  
  52  13:07  Zealot x2  
  52  13:08  Zealot x6  
  68  13:20  Templar Archives  
  68  13:25  Probe x2 (Chrono Boost)  
  70  13:50  Nexus  
  70  13:54  Pylon  
  61  14:14  Photon Cannon  
  58  14:17  Probe (Chrono Boost)  
  55  14:45  High Templar  
  55  14:46  High Templar x2  
  59  15:10  Psionic Storm  
  55  15:36  High Templar  
  55  15:38  High Templar  
  59  15:51  High Templar x2  
  63  16:04  High Templar x3  
  65  16:05  High Templar  
  71  16:15  Assimilator  
  69  16:19  Assimilator  
  65  16:29  High Templar  
  65  16:31  High Templar x3  
  73  16:42  Nexus  
  73  16:58  High Templar x3  
  73  16:59  High Templar  
  73  17:17  Probe (Chrono Boost)  
  73  17:20  High Templar x2  
  73  17:21  Zealot  
  73  17:22  Zealot  
  82  17:34  Photon Cannon  
  82  17:47  Photon Cannon  
  82  17:50  High Templar  
  82  18:23  Probe x2 (Chrono Boost)  
  82  18:24  Probe x2 (Chrono Boost)  
  86  18:36  Probe (Chrono Boost)  
  86  18:37  Zealot x4  
  86  18:38  Zealot x4  
  103  19:05  Protoss Ground Weapons Level 3, Nexus  
  103  19:07  Pylon  
  103  19:16  Probe (Chrono Boost)  
  104  19:21  Assimilator  
  104  19:26  Probe (Chrono Boost)  
  104  19:30  Photon Cannon  
  105  19:41  High Templar x3  
  111  19:52  Photon Cannon  
  111  20:03  Zealot  
  111  20:04  Zealot x4  
  120  20:18  Probe (Chrono Boost)  
  122  20:28  Probe (Chrono Boost)  
  122  20:32  Pylon  
  122  20:33  Pylon  
  122  20:41  Zealot x5  
  122  20:42  Zealot x3  
  138  20:51  Probe (Chrono Boost)  
  138  20:54  Probe x2 (Chrono Boost)  
  138  20:55  Probe x2 (Chrono Boost)  
  143  21:02  High Templar, Probe (Chrono Boost)  
  143  21:03  High Templar x2  
  151  21:04  Probe (Chrono Boost)  
  151  21:07  Probe (Chrono Boost)  
  68  21:36  Archon  
  68  21:37  Archon x3  
  66  21:49  Zealot x5  
  66  21:50  Zealot x3  
  82  21:55  Pylon  
  82  22:10  Assimilator  
  82  22:20  Zealot x6  
  82  22:21  Zealot x2  
  23  22:57  Zealot  
  23  22:58  Zealot x6  
  27  23:01  Probe (Chrono Boost)  
  34  23:12  Probe (Chrono Boost)  
  35  23:17  Nexus  
  35  23:19  Nexus  
  35  23:21  Zealot x3  
  35  23:22  Zealot  
Show
View Real Time Build Order
Export as new Build Order

Gee Terran 

Build Orders: MMM Bio 

Get SALT Encoding   

  12  0:02  SCV  
  13  0:19  Supply Depot  
  13  0:27  SCV  
  14  0:42  Barracks  
  14  0:45  Barracks  
  14  0:52  Refinery  
  14  0:55  SCV  
  15  1:07  SCV  
  16  1:19  SCV  
  17  1:29  Marine  
  18  1:37  Marine  
  18  1:39  Orbital Command  
  19  1:57  Barracks Tech Lab  
  19  2:06  Barracks Reactor, SCV  
  20  2:09  Refinery  
  20  2:12  Supply Depot  
  20  2:23  Stimpack  
  20  2:24  Marine  
  21  2:30  SCV  
  22  2:51  Marauder, Marine  
  25  2:53  Marine  
  25  2:58  SCV, Factory  
  27  3:03  Supply Depot  
  27  3:12  Marine  
  27  3:13  Marine  
  27  3:15  Marine  
  27  3:18  SCV  
  31  3:25  Supply Depot  
  31  3:44  Starport  
  31  3:45  Factory Reactor  
  31  3:49  Command Center  
  31  3:51  Marine  
  31  3:52  Marine  
  33  3:56  Marine  
  33  3:58  SCV  
  35  4:06  Supply Depot  
  35  4:10  SCV  
  35  4:12  Marine  
  35  4:16  Marine  
  38  4:18  Marine  
  39  4:35  Marine x2  
  39  4:36  Marine  
  42  4:41  Medivac  
  42  4:42  Medivac  
  46  4:54  SCV  
  47  5:01  SCV  
  47  5:03  Engineering Bay  
  47  5:06  SCV  
  49  5:13  SCV  
  50  5:17  Marine x2  
  50  5:18  Marine  
  53  5:26  Combat Shields  
  53  5:29  SCV  
  53  5:30  Engineering Bay  
  54  5:44  Marine x2  
  54  5:45  Marauder  
  54  5:46  Medivac  
  54  5:47  Medivac  
  62  5:55  SCV, Supply Depot x2  
  62  5:56  SCV  
  64  6:08  Terran Infantry Weapons Level 1  
  64  6:09  SCV  
  64  6:10  Terran Infantry Armor Level 1  
  65  6:21  SCV  
  65  6:34  Marine x2  
  65  6:35  Marauder  
  66  6:51  Medivac  
  66  6:52  Medivac  
  66  6:53  Marine x2  
  72  6:56  Marauder  
  73  7:16  Barracks  
  73  7:17  SCV, Barracks  
  73  7:20  Barracks  
  73  7:22  Armory  
  74  7:25  Refinery  
  74  7:26  Refinery  
  74  7:27  Sensor Tower  
  74  7:29  SCV  
  75  7:35  Marauder, Marine x2  
  79  7:41  SCV, Medivac x2  
  84  7:54  Supply Depot  
  84  7:56  Marauder  
  86  8:04  Marine x2  
  88  8:11  Barracks Tech Lab x2  
  88  8:12  Barracks Reactor  
  88  8:18  Marauder  
  90  8:35  Terran Infantry Weapons Level 2  
  90  8:46  Terran Infantry Armor Level 2  
  90  8:53  Marine x7  
  97  9:04  Orbital Command, Supply Depot  
  97  9:06  Supply Depot  
  97  9:08  Supply Depot  
  97  9:12  Marauder  
  97  9:13  Marauder  
  101  9:19  Marauder  
  101  9:43  Marauder x3, Marine x4  
  111  10:10  Marauder x2, Marine  
  111  10:11  Marauder, Marine x3  
  121  10:30  Command Center  
  121  10:42  Marauder, Marine  
  127  10:43  Marauder x2, Marine x3  
  131  10:55  Supply Depot  
  131  10:57  Supply Depot  
  126  11:39  Marauder  
  132  11:40  Marauder x2, Marine x4  
  113  11:58  Marine x2  
  88  12:15  Marauder x3, Marine x3  
  86  12:16  Marine  
  81  12:33  Marine x3  
  79  12:37  Marauder x3  
  79  12:38  Marine  
  84  12:51  Marine x3  
  85  12:55  Marine  
  88  12:59  Marauder x2  
  92  13:07  Marauder  
  92  13:08  Marine  
  92  13:09  Marine x2  
  97  13:13  Marine  
  97  13:18  Terran Infantry Weapons Level 3  
  98  13:20  Marauder x2  
  98  13:26  Marine  
  103  13:29  Marauder  
  95  14:00  Missile Turret  
  94  14:17  SCV  
  95  14:29  SCV  
  96  14:32  Marauder, Marine  
  96  14:33  Marauder x2, Marine x3  
  106  14:41  SCV  
  106  14:43  Refinery  
  107  14:50  Marine  
  107  14:51  Marine  
  109  14:53  SCV  
  109  14:54  Marauder x3  
  116  15:05  SCV  
  117  15:30  Marauder x3  
  117  15:32  Marine  
  117  15:33  Marine  
  125  15:36  Marine  
  124  15:52  Marauder x3  
  130  16:06  Marine x4  
  134  16:13  Marauder x3  
  140  16:22  Starport Tech Lab  
  140  16:23  Marine  
  140  16:24  Marine x2  
  141  16:34  Marauder x2  
  141  16:35  Marauder, Orbital Command  
  147  16:42  Marine x4  
  147  16:44  Raven  
  153  16:56  Marauder x3  
  153  16:59  Marine  
  153  17:00  Marine  
  161  17:01  Terran Infantry Armor Level 3  
  161  17:27  Raven  
  110  18:23  Marauder x3  
  110  18:24  Marine x4  
  116  18:35  Concussive Shells  
  100  18:41  Marine  
  100  18:42  Marine x2  
  100  18:45  Marauder  
  104  19:07  Marauder x3  
  104  19:08  Marine x4  
  114  19:19  Orbital Command  
  114  19:25  Marine  
  114  19:26  Marine x3  
  114  19:28  Marauder x3  
  122  19:43  Marine x2  
  122  19:44  Marine x2  
  126  19:49  Marauder x2  
  126  19:50  Marauder  
  132  20:01  Marine x3  
  132  20:02  Marine  
  136  20:10  Marine  
  136  20:11  Marauder  
  136  20:13  Marauder  
  141  20:19  Marine  
  142  20:29  Marauder  
  142  20:32  Marauder  
  142  20:35  Marauder  
  148  20:36  Marine x3  
  148  20:37  Marine  
  152  20:50  Marauder  
  152  20:53  Marine  
  152  20:56  Marauder  
  149  21:11  Marauder x2  
  51  21:41  Marauder x3  
  51  21:43  Marine x4  
  61  22:00  Marine  
  62  22:01  Marine x3  
  62  22:02  Marauder x3  
  71  22:18  Marine  
  71  22:19  Refinery, Marine  
  71  22:21  Refinery  
  73  22:23  Marauder  
  73  22:24  Marauder x2  
  75  22:45  Marauder x2  
  75  23:02  Marauder  
  75  23:03  Marine x2  
  75  23:04  Marine x2  
  77  23:06  Marauder x2  
  81  23:21  Marine  
Tags
 
Add a new tag
Caveats
  • Supply blocks, unpowered buildings, or Contaminate may cause inaccurate times.
  • Supply counts are checked every 10 seconds.